 Dungeon Crawl Stone Soup version 0.31-a0-819-gf6de2f5ab6 (webtiles) character file.

Game seed: 1023076469989625098

102 Leeroy the Changeling (level 4, -1/32 HPs)
             Began as a Merfolk Shapeshifter on Sept 23, 2023.
             Was an Initiate of Wu Jian.
             Slain by an orc
             ... wielding a +0 short sword
              (3 damage)
             ... on level 3 of the Dungeon.
             The game lasted 00:01:53 (1895 turns).

Leeroy the Changeling (Merfolk Shapeshifter)        Turns: 1895, Time: 00:01:54

Health: -1/32      AC:  2    Str: 16    XL:     4   Next: 78%
Magic:  4/4        EV: 12    Int:  9    God:    Wu Jian [......]
Gold:   91         SH:  0    Dex: 13    Spells: 3/3 levels left

rFire   . .          .
                       - Unarmed
rCold   . . .        (no shield)
rNeg    . . .        a - +0 animal skin
rPois   .            (helmet currently unavailable)
rElec   .            (cloak currently unavailable)
rCorr   +            (gloves currently unavailable)
SInv    .            (boots currently unavailable)
Will    .....        (no amulet)
Stlth   +            m - ring of resist corrosion
HPRegen 0.25/turn    n - ring of flight
MPRegen 0.09/turn

%: no passive effects
@: beast-form, flying
A: beast (slay +3), (nimble swimmer 2), mertail
a: Begin Untransformation, Renounce Religion


You were on level 3 of the Dungeon.
You worshipped Wu Jian.
Wu Jian was noncommittal.
You were a hulking beast.
You visited 1 branch of the dungeon, and saw 3 of its levels.

You collected 91 gold pieces.

Inventory:

Armour
 a - a +0 animal skin (worn)
 f - a +0 pair of gloves
 i - a +0 cloak
Jewellery
 m - a ring of resist corrosion (left hand)
 n - a ring of flight (right hand)
Talismans
 c - a beast talisman (active)
 d - a flux talisman
Wands
 k - a wand of iceblast (10)
Scrolls
 e - 3 scrolls of identify {unknown}
 h - a scroll of enchant armour {unknown}
 j - a scroll of butterflies {unknown}
 o - a scroll of amnesia {unknown}
Potions
 b - a potion of lignification
 g - a potion of attraction {unknown}
 l - a potion of mutation {unknown}


   Skills:
 - Level 1.1 Fighting
 - Level 2.6 Dodging
 - Level 3.2 Unarmed Combat
 + Level 6.7 Shapeshifting


You had 3 spell levels left.
You didn't know any spells.
Your spell library was empty.

Dungeon Overview and Level Annotations

Branches:
Dungeon (3/15)

Altars:
Uskayaw
Wu Jian


Innate Abilities, Weirdness & Mutations

You are a hulking beast.
Your limbs bulge with bestial killing power. (Slay +3)
((You are very nimble when in or above water. (Stealth+, EV+, Speed+++)))
Your lower body shifts to a powerful aquatic tail in water.


Message History

You hit the orc priest.
The orc priest is heavily wounded.
You hit the orc priest.
The orc priest is severely wounded.
The orc priest hits you with a +0 short sword.
You hit the orc priest.
The orc priest is almost dead.
You hit the orc.
The orc is lightly wounded.
The orc priest looks satisfied for a moment.
You hit the orc.
The orc is almost dead.
The orc closely misses you.
The orc priest looks encouraged for a moment.
The orc hits you with a +0 short sword.
You hit the orc priest but do no damage.
The orc priest is almost dead.
The orc priest hits you with a +0 short sword.
The orc hits you but does no damage. The orc hits you with a +0 hand axe.
You barely miss the orc priest. You punch the orc priest.
You kill the orc priest!
The Council accepts your kill. The orc hits you with a +0 hand axe.
The orc hits you with a +0 short sword. The orc hits you with a +0 hand axe.
* * * LOW HITPOINT WARNING * * *
Things that are here:
a +0 short sword; a +0 leather armour You barely miss the orc.
The orc is almost dead.
The orc closely misses you. The hobgoblin hits you.
* * * LOW HITPOINT WARNING * * *
You punch the orc!
You kill the orc!
The Council accepts your kill. The hobgoblin hits you.
* * * LOW HITPOINT WARNING * * *
You hit the hobgoblin.
The hobgoblin is moderately wounded.
The orc hits you with a +0 short sword.
You die...

##.##.###....#†.....#
.......# #..##.# .#
##.###.###.....##.#
#.# #..##.##.....# ..
#.# #...#.##.##..#
#... ##.#
#.#....#.##.##.....
...#
#...#......_..###
####
#.....##..#o#...# ##
#.#...#####hg##.# .#
#.###.# ##.# .. .+
#+# #... ... .. .#
#.### ...+ . .# .#
...# .# ...# .. ###
...# #. #.. ...# #.#
#.#


You could see an orc and a hobgoblin.

Vanquished Creatures
  An orc priest (D:3)
  3 adders (D:2)
  2 dart slugs (D:2)
  An orc (D:3)
  4 endoplasms
  2 giant cockroaches (D:2)
  4 goblins (D:2)
  4 hobgoblins
  A kobold (D:1)
  3 quokkas
  3 ball pythons
  4 bats
  2 frilled lizards (D:2)
  8 rats
42 creatures vanquished.

Notes
Turn   | Place    | Note
-------+----------+-------------------------------------------
     0 | D:1      | Leeroy the Merfolk Shapeshifter began the quest for the
                  | Orb.
     0 | D:1      | Reached XP level 1. HP: 15/15 MP: 1/1
   363 | D:1      | Found a faded altar of an unknown god.
   505 | D:1      | Reached XP level 2. HP: 13/21 MP: 2/2
   729 | D:2      | Reached skill level 5 in Shapeshifting
   886 | D:2      | Reached XP level 3. HP: 26/26 MP: 3/3
  1355 | D:2      | Reached skill level 6 in Shapeshifting
  1355 | D:2      | Reached XP level 4. HP: 13/32 MP: 4/4
  1814 | D:3      | Found a hide-covered altar of Uskayaw.
  1864 | D:3      | Found an ornate altar of the Wu Jian Council.
  1880 | D:3      | Became a worshipper of the Wu Jian Council
  1895 | D:3      | Slain by an orc

Illustrated notes

Levels and vault maps discovered:
D:1:      dpeg_arrival_renting, layout_basic,
          dreamdust_ecumenical_altar_sealed_demon, minmay_tetromino_o2
D:2:      layout_loops_ring, nicolae_kite_square_tiling_tiny,
          kennysheep_another_room, nicolae_houndstooth_variations
D:3:      layout_basic, chei_slow_surprise, nicolae_dithmenos_shadow_blocks,
          lemuel_crystal_altar, mainiacjoe_overflow_surrounded_room,
          nemelex_dance_club_becter, minmay_divided_ellipse, uniq_robin,
          uniq_sigmund

Skill      XL: |  1  2  3 |
---------------+----------+-----
Shapeshifting  | 5 6 |  6.7
Fighting       | |  1.1
Dodging        | |  2.6
Unarmed Combat | |  3.2

Action                     |  1- 3 |  4- 6 || total
---------------------------+-------+-------++-------
  Melee: Unarmed           |    80 |    32 ||   112
         Punch             |     2 |     1 ||     3
   Stab: Sleeping          |     1 |     1 ||     2
 Armour: Animal skin       |    27 |    17 ||    44
  Dodge: Dodged            |    46 |    14 ||    60

Table legend: (Time is in decaauts)
 A = Elapsed time spent in this place.
 B = Non-inter-level travel time spent in this place.
 C = Inter-level travel time spent in this place.
 D = Time resting spent in this place.
 E = Time spent auto-exploring this place.
 F = Levels seen in this place.
 G = Mean time per level.
                   A        B        C        D        E       F      G
               +--------+--------+--------+--------+--------+-----+--------+
         Total |   1887 |   1817 |     70 |      0 |   1529 |   3 |  629.0 |
       Dungeon |   1887 |   1817 |     70 |      0 |   1529 |   3 |  629.0 |
               +--------+--------+--------+--------+--------+-----+--------+

Top non-repeatable levels by time:
     D:2: 1028 daAuts
     D:1: 719 daAuts
     D:3: 139 daAuts
